Map: Waterfall

Players

Top

  • Race: Protoss Protoss
  • League: Diamond
  • Spawn Location: 7:00

MattBarry

  • Race: Protoss Protoss
  • League: Silver
  • Spawn Location: 1:00

VOD

Have the link to the VOD?

Description

Time

  • Played on: Jan. 20, 2023, 3:07 a.m.
  • Length: 5:38
Show
View Real Time Build Order
Export as new Build Order

Top Protoss 

Build Orders:  

Get SALT Encoding   

  12  0:00  Probe  
  13  0:12  Probe  
  14  0:20  Pylon  
  14  0:24  Probe  
  15  0:38  Gateway  
  15  0:39  Probe (Chrono Boost)  
  16  0:46  Probe (Chrono Boost)  
  17  0:50  Assimilator  
  17  0:53  Probe  
  18  1:13  Gateway  
  18  1:26  Assimilator  
  18  1:29  Cybernetics Core  
  17  2:05  Stalker  
  17  2:06  Stalker  
  21  2:20  Warp Gate (Chrono Boost)  
  21  2:22  Pylon  
  21  2:30  Shield Battery  
  21  2:35  Stalker  
  23  2:57  Gateway  
  23  3:06  Stalker  
  25  3:21  Robotics Facility  
  25  3:36  Stalker  
  27  4:06  Stalker  
  29  4:23  Stalker  
  31  4:27  Pylon  
  31  4:43  Immortal (Chrono Boost), Pylon  
  31  4:49  Probe (Chrono Boost)  
  36  4:59  Probe (Chrono Boost)  
  37  5:01  Gateway  
  37  5:04  Probe (Chrono Boost)  
  38  5:26  Stalker x2  
Show
View Real Time Build Order
Export as new Build Order

MattBarry Protoss 

Build Orders:  

Get SALT Encoding   

  12  0:00  Probe  
  13  0:12  Probe  
  14  0:18  Pylon  
  14  0:24  Probe (Chrono Boost)  
  15  0:38  Probe (Chrono Boost)  
  15  0:40  Forge  
  16  0:46  Probe (Chrono Boost)  
  17  1:07  Pylon  
  17  1:14  Pylon  
  16  1:33  Photon Cannon  
  16  1:38  Pylon  
  16  2:12  Pylon  
  16  2:14  Pylon  
  16  2:16  Pylon  
  16  2:22  Pylon  
  16  2:31  Photon Cannon  
  16  2:36  Photon Cannon  
  16  2:38  Photon Cannon  
  15  3:27  Photon Cannon  
  15  3:28  Photon Cannon  
  15  3:29  Photon Cannon  
  15  3:30  Photon Cannon  
    4:33  Probe (Chrono Boost)  
Tags
 
Matchup
PvP
Replay Pack
Multiplayer
Spawn Locations
Cross Positions
Add a new tag
Caveats
  • Supply blocks, unpowered buildings, or Contaminate may cause inaccurate times.
  • Supply counts are checked every 10 seconds.